[Event "Late-Titled-Tuesday-Blitz-March-12-2024"]
[Site "Chess.com"]
[Date "2024.03.12"]
[Round "5"]
[White "platy3"]
[Black "FairChess_on_YouTube"]
[Result "1-0"]
[WhiteElo "2974"]
[BlackElo "3107"]
[TimeControl "180+1"]
[EndTime "14:55:24 PDT"]
[Termination "platy3 won by checkmate"]

1. e4 c5 2. Nf3 e6 3. d4 cxd4 4. Nxd4 Nc6 5. Nc3 Nf6 6. a3 d6 7. Be3 Be7 8. f3 O-O 9. Qd2 a6 10. O-O-O Nxd4 11. Bxd4 b5 12. g4 Rb8 13. g5 Nd7 14. h4 Qa5 15. Kb1 Ne5 16. Nd5 Qd8 17. Nxe7+ Qxe7 18. Bc3 Nxf3 19. Qxd6 Qxd6 20. Rxd6 Bb7 21.
Be2 Bxe4 22. Rf1 Nxh4 23. Rd4 Nf5 24. Rxe4 Ng3 25. Rff4 Nxe4 26. Rxe4 Rfd8 27. Rh4 Rd5 28. Bd3 Rxg5 29. Bxh7+ Kf8 30. Bd3 Kg8 31. a4 Rd8 32. axb5 axb5 33. Ka2 f5 34. Bxb5 Rg2 35. Bc4 Kf7 36. Bd3 g5 37. Rh6 g4 38. Rf6+ Ke7 39.
Rg6 Re8 40. Be5 Ra8+ 41. Kb3 Ra5 42. Bc3 Ra8 43. Bc4 Rb8+ 44. Bb4+ Rxb4+ 45. Kxb4 Rxc2 46. Rxe6+ Kd7 47. Re2 Rxe2 48. Bxe2 Kd6 49. Kc3 Ke5 50. b4 Ke4 51. b5 Kd5 52. Kb4 Kd4 53. b6 Ke3 54. Bxg4 fxg4 55. b7 g3 56. b8=Q Kf2 57. Qf4+ Kg2 58. Kc3 Kh1 59. Qh4+ Kg2 60. Kd2 Kf1 61.
Qh1+ Kf2 62. Qe1+ Kg2 63. Ke2 Kh2 64. Kf3 g2 65. Qh4+ Kg1 66. Qf2+ Kh1 67. Qxg2# 1-0

[Event "Late-Titled-Tuesday-Blitz-March-12-2024"]
[Site "Chess.com"]
[Date "2024.03.12"]
[Round "5"]
[White "pirulillo"]
[Black "ExtremeLearner"]
[Result "0-1"]
[WhiteElo "2304"]
[BlackElo "2567"]
[TimeControl "180+1"]
[EndTime "14:55:27 PDT"]
[Termination "ExtremeLearner won by resignation"]

1. e4 c6 2. d4 d5 3. Nd2 dxe4 4. Nxe4 Nf6 5. Nxf6+ exf6 6. c3 Bd6 7. Bd3 O-O 8.
Ne2 Re8 9. O-O Nd7 10. Bd2 Nf8 11. Qc2 Be6 12. f4 f5 13. Rae1 g6 14. c4 Rc8 15. b4 Nd7 16. Bc3 b5 17. d5 cxd5 18. c5 Bf8 19. Bxb5 Qc7 20. Nd4 Bg7 21. Ba1 a5 22. a3 h5 23. Rc1 Ra8 24. Bxd7 Bxd7 25. b5 Bxd4+ 26. Bxd4 Bxb5 27. Rf2 Qc6 28. Bb2 Re4 29.
Rd1 Rae8 30. Qc3 d4 31. Qd2 Re2 32. Qxd4 Re1+ 33. Rf1 Rxf1+ 34. Rxf1 f6 35. Rd1 Re2 36.
Qd8+ Kf7 37. Rd5 Re1+ 38. Kf2 Re2+ 39. Kg3 Rxb2 40. Kh3 Re2 41. g3 Re7 42. Rd6 Bf1+ 43. Kh4 Qe8 44. Qb6 g5+ 45. fxg5 fxg5+ 46. Kxg5 Re6 47.
Qc7+ Qe7+ 48. Qxe7+ Kxe7 49. Kxf5 Rxd6 50. cxd6+ Kxd6 51. g4 h4 52. g5 Ke7 53. g6 h3 54.
Kg5 Kf8 55. Kh6 Kg8 56. g7 Bd3 57. Kg5 Kxg7 58. Kh4 Bf1 59. Kg3 Bg2 60. a4 Kf6 0-1

[Event "Late-Titled-Tuesday-Blitz-March-12-2024"]
[Site "Chess.com"]
[Date "2024.03.12"]
[Round "5"]
[White "LeoWin2012"]
[Black "OverallStranger"]
[Result "1-0"]
[WhiteElo "2204"]
[BlackElo "2383"]
[TimeControl "180+1"]
[EndTime "14:55:29 PDT"]
[Termination "LeoWin2012 won on time"]

1. e4 c5 2. Nf3 Nc6 3. c3 Nf6 4. e5 Nd5 5. d4 cxd4 6. cxd4 d6 7. exd6 Qxd6 8. Bc4 Bg4 9. O-O e6 10. Nc3 Be7 11. Nb5 Qd7 12. Bxd5 exd5 13. Bf4 O-O 14. h3 Bh5 15. Qd3 a6 16. Nc3 Bxf3 17. Qxf3 Nxd4 18.
Qxd5 Ne2+ 19. Kh1 Qxd5 20. Nxd5 Nxf4 21. Nxe7+ Kh8 22. Rac1 Rfe8 23. Rc7 Rab8 24. Rd1 Ne6 25. Rcd7 Nf8 26. Rc7 Ne6 27. Rcd7 Rbd8 28. Nf5 g6 29. Nh6 Rxd7 30. Rxd7 Nc5 31. Rc7 b6 32. Nxf7+ Kg8 33.
Nh6+ Kh8 34. Rc6 Re2 35. Rxb6 Rxf2 36. Ng4 Re2 37. b4 Nd3 38. a3 Ra2 39. Rxa6 Nxb4 40.
Ra8+ Kg7 41. Ra7+ Kf8 42. Rxh7 Rxa3 43. Ne5 Ra6 44. Rh8+ Kg7 45. Rb8 Re6 46. Rb7+ Kg8 47.
Nxg6 Nd5 48. Nh4 Nf4 49. Nf3 Rg6 50. g4 Nxh3 51. Rb8+ Kg7 52. Rb7+ Kg8 53. Ne5 Rh6 54. Rb8+ Kg7 55. Kg2 Nf4+ 56. Kf3 Ne6 57. Rb7+ Kg8 58. Rb8+ Kg7 59. Rb7+ Kf8 60. Ke4 Rh1 61. Rf7+ Kg8 62. Rf6 Ng7 63. Kf4 Rf1+ 64. Kg5 Ra1 65. Ng6 Ra5+ 66.
Kh4 1-0

[Event "Late-Titled-Tuesday-Blitz-March-12-2024"]
[Site "Chess.com"]
[Date "2024.03.12"]
[Round "5"]
[White "olgerts_indricans"]
[Black "APOKALIPSA13"]
[Result "1-0"]
[WhiteElo "2408"]
[BlackElo "2200"]
[TimeControl "180+1"]
[EndTime "14:55:30 PDT"]
[Termination "olgerts_indricans won by resignation"]

1. e4 g6 2. d4 Bg7 3. Nf3 d6 4. Be3 c6 5. Qd2 Bg4 6. Ng1 b5 7. a4 bxa4 8. Nc3 Nf6 9. Rxa4 Bd7 10. f3 O-O 11. Ra1 a5 12. Nge2 Nh5 13. g4 Nf6 14.
Ng3 Bxg4 15. fxg4 Nxg4 16. Bg1 e5 17. d5 Qh4 18. Be2 f5 19. Bxg4 Qxg4 20. Qe2 Qh4 21. Bf2 Qd8 22. dxc6 f4 23. Nf1 Qc7 24. Qc4+ Kh8 25.
Nb5 Qxc6 26. Qxc6 Nxc6 27. c3 Rfd8 28. Nd2 d5 29. exd5 Rxd5 30. Nc7 Rxd2 31. Kxd2 Rd8+ 32.
Kc2 Rd7 33. Ne6 Bf6 34. Rhd1 Re7 35. Nc5 e4 36. Rd6 e3 37. Bxe3 fxe3 38. Rxf6 Ne5 39. Re1 Nc4 40. Nd3 e2 41. Rf2 Ne3+ 42. Kb1 Rb7 43.
Rfxe2 Nd5 44. Kc1 a4 45. Re5 Nb6 46. Nc5 Rc7 47. Re8+ Kg7 48. R8e7+ Rxe7 49. Rxe7+ Kh6 50. Rb7 Nd5 51. Nxa4 Ne3 52. b3 Ng4 53. h3 Nh2 54. c4 Nf3 55. c5 Ng5 56. c6 Nxh3 57. c7 Ng5 58. c8=Q Kh5 59. Rxh7+ Nxh7 60. Qh3+ Kg5 61.
Qxh7 Kf6 62. Nc5 Kg5 63. Ne4+ Kf5 64. b4 Kxe4 65. Qxg6+ Kd4 66. Qe6 Kc3 67. b5 Kd4 68. b6 Kd3 69. Qc6 1-0

[Event "Late-Titled-Tuesday-Blitz-March-12-2024"]
[Site "Chess.com"]
[Date "2024.03.12"]
[Round "5"]
[White "chess_blitz00"]
[Black "Qingdom"]
[Result "1-0"]
[WhiteElo "2451"]
[BlackElo "2266"]
[TimeControl "180+1"]
[EndTime "14:55:32 PDT"]
[Termination "chess_blitz00 won by resignation"]

1. c3 d5 2. d3 e5 3. Nd2 Nf6 4. g3 c5 5. Bg2 Nc6 6. e4 dxe4 7. Nxe4 Nxe4 8. dxe4 Qxd1+ 9. Kxd1 Be6 10. Be3 O-O-O+ 11. Kc2 Be7 12. Nf3 f6 13. Nd2 Kc7 14. f3 Rd7 15. Rad1 Rhd8 16. Nb3 Rxd1 17. Rxd1 Rxd1 18. Kxd1 b6 19. Nc1 Nd8 20. Kc2 Nb7 21. Bf1 Nd6 22. a4 Kb7 23. b3 a6 24. Nd3 Kc6 25. Nf2 b5 26. axb5+ axb5 27. Bh3 Bf7 28. Bf1 Nc8 29. h4 Nb6 30. Bh3 Bh5 31. Bg4 Bf7 32. Bf5 g6 33.
Bh3 h5 34. g4 c4 35. b4 Na8 36. gxh5 gxh5 37. Nh1 Nc7 38. Ng3 Bd8 39. Bf5 Ne8 40.
Bh3 Bb6 41. Kd2 Ng7 42. Bxb6 Kxb6 43. Ke3 Kc6 44. f4 Kd6 45. Bf5 Be8 46. Bh7 Bf7 47. f5 Ke7 48. Bg6 Kf8 49. Kf3 Ke7 50. Nf1 Bxg6 51. fxg6 Ne6 52. Ne3 Kf8 53. Nf5 Nf4 54. Nd6 Nxg6 55. Kg3 Ne7 56. Nxb5 f5 57. Nd6 fxe4 58.
Nxe4 Nf5+ 59. Kh3 Ke7 60. Ng3 Ne3 61. Ne4 Nd1 62. Kg3 Ke6 63. Kf3 Kf5 64. b5 Ke6 65. b6 Kd7 66. Ke2 Nxc3+ 67. Nxc3 Kc6 68. Ke3 Kxb6 69.
Ke4 Kc5 70. Kxe5 Kb4 71. Kd4 Kb3 72. Ne4 Kb4 73. Nc3 Kb3 74. Nd5 Kc2 75. Kxc4 Kd2 76. Kd4 Ke2 77. Ke4 Kf2 78. Kf4 Kg2 79. Kg5 Kf2 80. Nf4 Kf3 81. Nxh5 Ke4 82. Nf6+ Ke5 83. Kg6 Ke6 84. h5 Ke7 85. Kg7 Ke6 86. h6 Kf5 87. h7 Kg5 88. h8=Q Kf5 89. Qh5+ 1-0

[Event "Late-Titled-Tuesday-Blitz-March-12-2024"]
[Site "Chess.com"]
[Date "2024.03.12"]
[Round "5"]
[White "Vladimir_Zakhartsov"]
[Black "GHANDEEVAM2003"]
[Result "1-0"]
[WhiteElo "2939"]
[BlackElo "3087"]
[TimeControl "180+1"]
[EndTime "14:55:38 PDT"]
[Termination "Vladimir_Zakhartsov won by resignation"]

1. d4 g6 2. e4 Bg7 3. Nc3 c6 4. Nf3 d5 5. h3 Nf6 6. Bd3 dxe4 7. Nxe4 Bf5 8. Nxf6+ Bxf6 9. O-O Nd7 10. Bxf5 gxf5 11.
d5 cxd5 12. Qxd5 Ne5 13. Qb5+ Qd7 14. Qxd7+ Nxd7 15. c3 Rg8 16. Be3 O-O-O 17. Rfd1 b6 18. a4 Nc5 19. Bxc5 bxc5 20. Nd2 Rd3 21. Nc4 Rxh3 22.
Rd5 f4 23. Rxc5+ Kb8 24. Rf5 Rh4 25. f3 Rh6 26. Rd1 Rhg6 27. Rd2 e6 28. Rb5+ Ka8 29. a5 Rc8 30. Nd6 Rd8 31. Ne4 Rxd2 32. Nxd2 a6 33.
Rb6 Ka7 34. Rd6 Kb7 35. Ne4 Be5 36. Rb6+ Kc8 37. Rxa6 Bc7 38. b4 Rg8 39. Nd6+ Kd7 40. Nb5 Bb8 41. Rb6 Kc8 42. a6 Rd8 43. a7 Bxa7 44.
Nxa7+ Kc7 45. Ra6 Kb7 46. Ra5 Kb6 47. Nb5 Rd1+ 48. Kh2 Rc1 49. Nd6 Rxc3 50. Nxf7 Rc4 51. Re5 Rxb4 52. Rxe6+ Kc5 53. Re4 Rxe4 54. fxe4 Kd4 55.
Ng5 h6 56. Nf3+ Kxe4 57. Kh3 h5 58. Kh4 Ke3 59. Kxh5 Kf2 60. Nh4 Ke3 61. Kg4 Ke4 62. Kg5 Ke5 63. Ng6+ 1-0

[Event "Late-Titled-Tuesday-Blitz-March-12-2024"]
[Site "Chess.com"]
[Date "2024.03.12"]
[Round "5"]
[White "Fh2411"]
[Black "kleber2007"]
[Result "1/2-1/2"]
[WhiteElo "2648"]
[BlackElo "2534"]
[TimeControl "180+1"]
[EndTime "14:55:39 PDT"]
[Termination "Game drawn - insufficient material"]

1. d4 Nf6 2. Nf3 g6 3. Bg5 Bg7 4. e3 O-O 5. c4 d5 6. Nc3 c5 7. cxd5 cxd4 8. Bxf6 Bxf6 9. Nxd4 Qb6 10. Rb1 Rd8 11. Bc4 Nd7 12. O-O Ne5 13. Qb3 Nxc4 14.
Qxc4 Bd7 15. Rfd1 Rac8 16. Qd3 Kg7 17. h3 e5 18. Nb3 a5 19. Nd2 Be7 20. Nc4 Qb4 21.
Nxe5 Bf5 22. e4 Bf6 23. Qg3 Bxe4 24. a3 Qd6 25. Nxe4 Qxe5 26. Qxe5 Bxe5 27. g3 Rc2 28. b4 Rc4 29. Nd2 Rd4 30. Nf3 R4xd5 31. Rxd5 Rxd5 32. bxa5 Rxa5 33. Nxe5 Rxe5 34. Rxb7 Ra5 35.
Rb3 Ra4 36. h4 h5 37. Kf1 f6 38. Ke2 g5 39. hxg5 fxg5 40. Kd2 Kg6 41. Kc2 Kf5 42. Rb5+ Kg4 43. Kb3 Ra8 44. Rc5 h4 45. gxh4 gxh4 46. Rc4+ Kg5 47. a4 h3 48. Rc1 Kg4 49. Rh1 Rh8 50.
Rh2 Rb8+ 51. Ka3 Rb1 52. a5 Rg1 53. Kb4 Rb1+ 54. Kc5 Rc1+ 55. Kb6 Rb1+ 56. Ka7 Rb5 57. a6 Rb1 58. Ka8 Rb3 59. a7 Rb1 60. f4 Kg3 61.
Rxh3+ Kxh3 62. f5 Re1 63. Kb7 Re7+ 64. Kb8 Re8+ 65. Kb7 Re7+ 66. Kb6 Re8 67. f6 Rf8 68. Kc7 Rf7+ 69. Kb8 Rxf6 70. a8=Q Rf8+ 71. Kb7 Rxa8 72. Kxa8 1/2-1/2

[Event "Late-Titled-Tuesday-Blitz-March-12-2024"]
[Site "Chess.com"]
[Date "2024.03.12"]
[Round "5"]
[White "wild3000"]
[Black "jinxy2009"]
[Result "0-1"]
[WhiteElo "2394"]
[BlackElo "2224"]
[TimeControl "180+1"]
[EndTime "14:55:43 PDT"]
[Termination "jinxy2009 won on time"]

1. d4 Nf6 2. Nf3 g6 3. e3 d5 4. Be2 Bg7 5. O-O O-O 6. b3 c5 7. Bb2 Nc6 8. c4 cxd4 9. Nxd4 Nxd4 10. Bxd4 dxc4 11. Bxc4 Qc7 12. Nd2 e5 13. Bb2 Bg4 14.
f3 Bd7 15. Qe2 Rfd8 16. Rfd1 Bc6 17. a4 Rd7 18. Nf1 Rad8 19. Rxd7 Nxd7 20. a5 e4 21. Bxg7 Kxg7 22. f4 Nc5 23. Ng3 f5 24.
h4 Qe7 25. h5 Nd3 26. Bxd3 exd3 27. Qb2+ Qf6 28. h6+ Kf7 29. Qxf6+ Kxf6 30. Rd1 Be4 31. Kf2 Rc8 32. Nf1 Rc2+ 33. Nd2 Ra2 34. g3 Rxa5 35. g4 Ra2 36. g5+ Kf7 37. Ke1 Rc2 38. Ra1 a6 39.
Rb1 b5 40. Ra1 Bb7 41. Kd1 Rc3 42. Rc1 b4 43. Ra1 Rc2 44. Ra5 Ke7 45. Re5+ Kd6 46.
e4 fxe4 47. Nxe4+ Bxe4 48. Rxe4 a5 49. Rd4+ Kc5 50. Rxd3 Rc3 51. Rd7 Rxb3 52. Rxh7 a4 53. Rc7+ Kb5 54. h7 Rh3 55. f5 gxf5 56. g6 a3 57.
Rb7+ Kc4 58. Rc7+ Kd3 59. g7 a2 60. Rd7+ Kc3 61. Ra7 Rxh7 62. g8=Q Rxa7 63. Qc8+ Kb2 64. Qh8+ Ka3 65. Qa1 Rd7+ 66. Ke2 Rc7 67. Kd3 Rc3+ 68. Kd4 Rb3 69. Qc1+ Ka4 0-1

[Event "Late-Titled-Tuesday-Blitz-March-12-2024"]
[Site "Chess.com"]
[Date "2024.03.12"]
[Round "5"]
[White "GoltsevDmitry2000"]
[Black "remi04"]
[Result "1-0"]
[WhiteElo "2706"]
[BlackElo "2891"]
[TimeControl "180+1"]
[EndTime "14:55:44 PDT"]
[Termination "GoltsevDmitry2000 won by resignation"]

1. e4 g6 2. h4 c6 3. e5 Bg7 4.
d4 d6 5. exd6 Qxd6 6. c3 Nf6 7.
Nf3 O-O 8. Be2 Bg4 9. Nbd2 Nbd7 10. Nc4 Qc7 11. Ne3 Bxf3 12. Bxf3 e5 13. h5 exd4 14.
cxd4 Rfe8 15. hxg6 hxg6 16. O-O Rad8 17. Qb3 Nf8 18. d5 c5 19. Qc4 N8d7 20. Rd1 Ne5 21. Qf4 Nxf3+ 22. Qxf3 b5 23. a4 a6 24. axb5 axb5 25.
Ra6 Ne4 26. d6 Qb7 27. Ra3 Rxd6 28. Rxd6 Nxd6 29. Qxb7 Nxb7 30. Ra6 Re6 31. Ra8+ Kh7 32. Ra7 Nd6 33. b3 Bd4 34. Rd7 Kg7 35. Nc2 Bf6 36. Be3 c4 37. Nd4 Bxd4 38. Bxd4+ Kh7 39. bxc4 bxc4 40.
Bc5 Ne4 41. Rxf7+ Kg8 42. Rc7 Nxc5 43. Rxc5 Re1+ 44. Kh2 Rc1 45. Kg3 Kf7 46. Rc6 Rc2 47. Kf3 c3 48. Ke3 Kg7 49. g4 Kf7 50. f3 Rc1 51.
Rc4 c2 52. Kd2 Rf1 53. Rf4+ Ke6 54. Kxc2 Ke5 55. Rf8 Re1 56. Kd2 Rh1 57. Ke2 Rh2+ 58. Ke3 Rh3 59. Kf2 Rh7 60. Kg3 Rc7 61. Kh4 Rc3 62.
Kg5 Rc6 63. f4+ Ke4 64. Re8+ Kf3 65. f5 gxf5 66. gxf5 Rc5 67. Kg6 Kf4 68. f6 Rg5+ 69. Kh7 Rf5 70. Kg7 Rg5+ 71. Kf7 Kf5 72. Ra8 Rg1 73.
Ra5+ Ke4 74. Kf8 1-0

[Event "Late-Titled-Tuesday-Blitz-March-12-2024"]
[Site "Chess.com"]
[Date "2024.03.12"]
[Round "5"]
[White "IraZyne"]
[Black "ahkashefi2800"]
[Result "1/2-1/2"]
[WhiteElo "2345"]
[BlackElo "2594"]
[TimeControl "180+1"]
[EndTime "14:55:45 PDT"]
[Termination "Game drawn - insufficient material"]

1. e4 g6 2. d4 Bg7 3. Nc3 d5 4. exd5 Nf6 5. Bc4 Nbd7 6. Be3 Nb6 7. Bb5+ Bd7 8. Bxd7+ Qxd7 9. Nge2 Nbxd5 10. Nxd5 Nxd5 11. O-O O-O 12. Bg5 h6 13. Bh4 f5 14. c4 Nb6 15.
c5 Nd5 16. h3 f4 17. f3 Ne3 18. Qb3+ Kh7 19. Rfe1 Bxd4 20. Nxd4 Qxd4 21. Bf2 Qxc5 22. Bxe3 fxe3 23. Rxe3 Rad8 24. Re1 e5 25. Kh1 Qd5 26. Qxd5 Rxd5 27. Rxe5 Rd7 28. R1e2 Kg7 29. Kg1 Rff7 30. Kf2 c6 31. g3 Rd4 32. Re7 Rd3 33. f4 g5 34. Rxf7+ Kxf7 35. fxg5 hxg5 36. Kg2 Rd7 37. h4 gxh4 38. gxh4 Kg6 39. Kh3 Rd3+ 40. Kg4 Rd4+ 41. Kg3 Ra4 42. a3 Ra5 43. Re6+ Kh5 44. Re7 Rb5 45.
b4 a5 46. Re4 axb4 47. axb4 Rd5 48. Kf3 b5 49. Ke3 Rf5 50. Kd4 Rd5+ 51. Kc3 Rf5 52. Re6 c5 53. bxc5 Rxc5+ 54. Kb4 Rf5 55. Re4 Kg6 56.
Rg4+ Kh5 57. Rd4 Re5 58. Ka5 Kg6 59. Kb6 Kf6 60. Kc6 Rh5 61. Rb4 Rf5 62. Kb6 Kg6 63. Rxb5 Rxb5+ 64. Kxb5 Kh5 65. Kc6 Kh6 66. Kb7 Kg6 67.
Ka8 Kf6 68. Ka7 Ke6 69. Ka6 Kd6 70. h5 Ke5 71. h6 Kf6 72. Ka5 Kg6 73. Ka4 Kh7 74.
Ka3 Kh8 75. Kb4 Kh7 76. Kc5 Kxh6 1/2-1/2

[Event "Late-Titled-Tuesday-Blitz-March-12-2024"]
[Site "Chess.com"]
[Date "2024.03.12"]
[Round "5"]
[White "Quattroporte300"]
[Black "varunkrishnanchess"]
[Result "1-0"]
[WhiteElo "2493"]
[BlackElo "2600"]
[TimeControl "180+1"]
[EndTime "14:55:47 PDT"]
[Termination "Quattroporte300 won by checkmate"]

1. e4 f6 2. d4 e6 3. Nc3 d5 4. Nf3 dxe4 5. Nxe4 Nc6 6. Bc4 Nge7 7. c3 Nd5 8. Qe2 Be7 9. O-O O-O 10. Nc5 Bxc5 11.
dxc5 Re8 12. Rd1 Nce7 13. Nd4 e5 14. Nb5 Be6 15. f4 a6 16. Na3 Nc6 17. Qf3 Nce7 18.
Be3 c6 19. fxe5 fxe5 20. Bg5 Qc7 21. Bb3 Ng6 22. Nc4 Ndf4 23. Nd6 Rf8 24. Qe4 Bxb3 25. axb3 Ne6 26. Be3 Qe7 27. Rf1 Ngf4 28. g3 Nd5 29. Qxe5 Nxe3 30. Qxe3 Qd7 31. b4 Nc7 32.
Rae1 Nd5 33. Qe6+ Qxe6 34. Rxe6 Rxf1+ 35. Kxf1 Rf8+ 36. Ke2 h5 37. Nxb7 h4 38. Nd6 h3 39.
Re8 Nf6 40. Rxf8+ Kxf8 41. Kf3 Ke7 42. Nf5+ Kf7 43. Nd4 g5 44. Nxc6 g4+ 45. Ke2 Ne4 46. Ne5+ Ke6 47. Nxg4 Kf5 48. Nf2 Ng5 49. c4 Ke5 50.
Ke3 Ke6 51. Kf4 Kf6 52. b5 Ne6+ 53. Ke3 Nxc5 54. Nxh3 a5 55. Nf4 Na4 56. Nd3 Ke6 57.
c5 Kd5 58. b6 Kc6 59. h4 Kb7 60. h5 Ka6 61. h6 Nxb6 62. cxb6 a4 63. h7 Kxb6 64. h8=Q Kb5 65. Qb8+ Kc4 66. Qc7+ Kb3 67. Qc3+ Ka2 68. Qc4+ Kb1 69. Qc1+ Ka2 70. Nb4+ Kb3 71. Qc2+ Kxb4 72. Qxa4+ Kxa4 73. g4 Kb3 74. g5 Kxb2 75. g6 Kc3 76. g7 Kc4 77. g8=Q+ Kc3 78. Qc8+ Kb2 79. Kd2 Kb3 80. Qc3+ Ka4 81. Qb2 Ka5 82. Kc3 Ka6 83. Kc4 Ka7 84. Kc5 Ka8 85. Kc6 Ka7 86. Qb7# 1-0

[Event "Late-Titled-Tuesday-Blitz-March-12-2024"]
[Site "Chess.com"]
[Date "2024.03.12"]
[Round "5"]
[White "AccioChess"]
[Black "Shahdad2007"]
[Result "1/2-1/2"]
[WhiteElo "2445"]
[BlackElo "2586"]
[TimeControl "180+1"]
[EndTime "14:55:53 PDT"]
[Termination "Game drawn by stalemate"]

1. e4 c5 2. Nf3 e6 3. d4 cxd4 4. Nxd4 Nc6 5. Nc3 Qc7 6. Be2 a6 7. O-O Nf6 8. Be3 Bb4 9. Na4 Be7 10. Nxc6 bxc6 11. Nb6 Rb8 12. Nxc8 Qxc8 13. e5 Nd5 14. Bd4 c5 15. c4 Nf4 16. Bc3 Nxe2+ 17. Qxe2 O-O 18.
Rad1 Qc6 19. Rd3 Rb7 20. Rfd1 Rd8 21. Ba5 Re8 22. b3 f5 23. exf6 Bxf6 24. Rd6 Qc8 25.
Qd3 Bd4 26. Bc3 e5 27. Bxd4 cxd4 28. Qe4 Rb8 29. Qd5+ Kh8 30. Rxd7 a5 31. Re1 a4 32. Qf7 Rg8 33. Rxe5 axb3 34. axb3 Rxb3 35. h3 Qb8 36. f4 d3 37. c5 Rc3 38. Rh5 Qb1+ 39. Kh2 d2 40. Rxd2 Rc1 41. Re5 Rh1+ 42. Kg3 Rc1 43. Re7 Rc3+ 44. Kh2 Qb8 45. Rb7 Qc8 46. Rc7 Qb8 47.
c6 Re3 48. Rb7 Qc8 49. Qd7 Qf8 50. Qd6 Re4 51. Qxf8 Rxf8 52. c7 Ree8 53. Rb6 Rc8 54. Rc6 Kg8 55. Rd4 Kf7 56. Rdc4 Ke7 57. Kg3 Rf7 58. R6c5 Kd7 59. Rd4+ Ke6 60. Re4+ Kf6 61. Rec4 Ke6 62. Kf3 Kd6 63. Rc2 g6 64. Rc6+ Kd5 65. R2c5+ Kd4 66. Rc4+ Kd5 67. R6c5+ Kd6 68. Rc1 Ke6 69.
g4 Kd6 70. f5 gxf5 71. Rxf5 Rfxc7 72. Rxc7 Rxc7 73. Kf4 Ke6 74. Kg5 Rc3 75. h4 Rc8 76. h5 Rg8+ 77. Kf4 h6 78. Ra5 Kf6 79. Ra7 Rf8 80.
Rh7 Ke6+ 81. Ke4 Rf6 82. Rg7 Kd6 83. Rg6 Ke6 84. Rxf6+ Kxf6 85. Kf4 Ke6 86. g5 hxg5+ 87. Kxg5 Kf7 88. h6 Kg8 89. h7+ Kh8 90. Kh6 1/2-1/2

[Event "Late-Titled-Tuesday-Blitz-March-12-2024"]
[Site "Chess.com"]
[Date "2024.03.12"]
[Round "5"]
[White "artin10862"]
[Black "Korchmar_Vasiliy"]
[Result "0-1"]
[WhiteElo "2887"]
[BlackElo "2710"]
[TimeControl "180+1"]
[EndTime "14:55:55 PDT"]
[Termination "Korchmar_Vasiliy won on time"]

1. c4 c6 2. Nf3 d5 3. d4 Nf6 4. Nc3 a6 5. c5 Bf5 6. Qb3 Qc8 7.
h3 e6 8. Bf4 Nbd7 9. e3 Be7 10.
Be2 Ne4 11. O-O O-O 12. Nxe4 Bxe4 13. Nd2 Bg6 14. Qc3 Re8 15. b4 Bf6 16. Nf3 Be4 17.
Ne5 Nxe5 18. Bxe5 Bxe5 19. dxe5 Qc7 20. a4 Rec8 21. Rfc1 Qd7 22. f3 Bg6 23. g4 h6 24.
Kg2 Qe7 25. Kg3 h5 26. Qd4 h4+ 27. Kf2 Rc7 28. f4 Be4 29. Bf3 Bg6 30. a5 Rf8 31.
Rg1 f6 32. Raf1 Bc2 33. Be2 Be4 34. Ke1 Rd7 35. Kd2 fxe5 36. Qxe5 Qf6 37. Qd4 Rdf7 38. Qxf6 gxf6 39. g5 Rg7 40. gxf6 Rxf6 41. Rxg7+ Kxg7 42. Rg1+ Rg6 43. Rxg6+ Kxg6 44. Bg4 Kf6 45. Ke2 Bf5 46. Kf2 e5 47. Kf3 e4+ 48. Kg2 Bxg4 49. hxg4 d4 50. exd4 e3 51. d5 cxd5 52. b5 e2 53. Kf2 h3 54. c6 e1=Q+ 55. Kxe1 h2 56. cxb7 h1=Q+ 57.
Kf2 Qh2+ 58. Kf3 Qh3+ 59. Kf2 Qh4+ 60. Kf3 Qh1+ 61. Kf2 Qh8 62. bxa6 Qb8 63. Ke2 Qxf4 64. a7 Qe4+ 65. Kf1 Qf3+ 66. Kg1 Qe3+ 67. Kg2 Qxa7 68. a6 Kg5 69. Kg3 Qe3+ 70. Kg2 Qb3 71. Kf2 Kxg4 72. Ke2 Kf4 0-1

[Event "Late-Titled-Tuesday-Blitz-March-12-2024"]
[Site "Chess.com"]
[Date "2024.03.12"]
[Round "5"]
[White "Mikhail_Bryakin"]
[Black "Hrant_ChessMood"]
[Result "1-0"]
[WhiteElo "2750"]
[BlackElo "2963"]
[TimeControl "180+1"]
[EndTime "14:55:56 PDT"]
[Termination "Mikhail_Bryakin won by resignation"]

1. c4 e5 2. Nc3 Bb4 3. Nd5 Be7 4. d4 d6 5. Nxe7 Qxe7 6. e4 Nc6 7. d5 Nd4 8. Be3 f5 9. Bxd4 exd4 10. Qxd4 Nf6 11. O-O-O fxe4 12. Ne2 Bg4 13. h3 Bxe2 14. Bxe2 O-O 15.
f4 exf3 16. Bxf3 Nd7 17. Rhf1 Ne5 18. Bg4 a5 19. Kc2 g6 20. b3 Rxf1 21. Rxf1 Rf8 22. Be6+ Kg7 23. Rf2 b6 24. Kd1 h5 25. Rxf8 Qxf8 26. Ke2 Qf6 27. Qe4 Qg5 28. Kd1 Qg3 29.
Qe2 Qc3 30. Qd2 Qa1+ 31. Ke2 Qg1 32. Qg5 Qd4 33. Qe7+ Kh6 34. Qf8+ Kg5 35. Qe7+ Kf4 36. Qh4+ Ng4 37. hxg4 Qb2+ 38. Kf1 Qa1+ 39. Qe1 Qxa2 40. Qf2+ Qxf2+ 41. Kxf2 h4 42. Bd7 g5 43. Ke2 Kg3 44.
Kf1 Kf4 45. Kf2 Ke4 46. Ke2 Kd4 47. Kd2 Ke4 48. Bf5+ Kf4 49. Ke2 Kg3 50. Kf1 Kf4 51.
Kf2 Ke5 52. Ke3 b5 53. Bd3 a4 54. bxa4 bxa4 55. Bc2 a3 56. Bb1 Kf6 57. Kd4 Kf7 58. Kc3 Kf6 59. Kd4 Kf7 60. Ba2 Kf6 61. Ke4 Kg6 62. Bb3 Kf6 63. Kd4 Kg6 64. c5 Kf6 65. cxd6 cxd6 66. Ke4 Kg6 67. Ba2 Kf6 68. Bb1 Kg6 69.
Kd4+ Kf6 70. Ba2 Kg6 71. Kc4 Kf6 72. Kb5 Ke5 73. Kc6 Kf4 74. Kxd6 Kg3 75. Ke5 Kxg2 76. d6 h3 77. d7 h2 78. d8=Q Kg3 79. Bd5 a2 80.
Qa5 a1=Q+ 81. Qxa1 h1=Q 82. Bxh1 1-0

[Event "Late-Titled-Tuesday-Blitz-March-12-2024"]
[Site "Chess.com"]
[Date "2024.03.12"]
[Round "5"]
[White "Kildepiotr"]
[Black "Bauman_Guy"]
[Result "1/2-1/2"]
[WhiteElo "2703"]
[BlackElo "2917"]
[TimeControl "180+1"]
[EndTime "14:55:57 PDT"]
[Termination "Game drawn - insufficient material"]

1. Nf3 d5 2. g3 c6 3. Bg2 Bg4 4. O-O Nd7 5. d3 e5 6. Nbd2 Ngf6 7. e4 Bd6 8. h3 Bh5 9. Qe1 O-O 10. Nh4 Re8 11. Nf5 Bf8 12. Nb3 a5 13. a4 Qc7 14.
g4 Bg6 15. Ng3 Nc5 16. Nxc5 Bxc5 17. Qe2 Rad8 18. h4 h6 19. h5 Bh7 20. g5 hxg5 21.
Bxg5 Be7 22. Qf3 dxe4 23. dxe4 Nd7 24. Be3 Nc5 25. Bh3 Ne6 26. Bf5 Nf4 27. Bxh7+ Kxh7 28. Qg4 Bf6 29. Rad1 Qc8 30. Qxc8 Rxc8 31. Rd7 Re7 32.
Rfd1 b5 33. Rxe7 Bxe7 34. Rd7 Re8 35. Nf5 Bf6 36. h6 gxh6 37. Rxf7+ Kg6 38. Rc7 bxa4 39. Rxc6 Rb8 40. Rb6 Rxb6 41. Bxb6 h5 42. Bxa5 Kg5 43. f3 h4 44. Be1 Kh5 45. Kh2 Ne2 46. c4 Nd4 47. Kg2 Nxf5 48. exf5 Kg5 49. c5 Kxf5 50. c6 Ke6 51. Bb4 Bd8 52. Kh3 Kd5 53. Be7 Ba5 54.
Kxh4 Kxc6 55. Kg4 Kd5 56. Kf5 Bb6 57. Ba3 Bd4 58. Kg4 Kc4 59. Kf5 Kb3 60. Ke4 Bxb2 61. Bd6 Bc3 62. Kd3 Bb2 63. Kd2 Kc4 64. Kc2 Bd4 65. Be7 Bc5 66. Bf6 Bd4 67. Be7 Bc5 68. Bf6 Kd5 69. Bg7 Ke6 70. Bh6 Bd4 71. Bc1 Kd5 72.
Kd3 Bc5 73. Kc3 Ke6 74. Kd3 Kf5 75. Kc4 Be7 76. Kd3 a3 77. Kc3 Bg5 78. Bxa3 Kf4 79. Bc1+ Kxf3 80. Bxg5 e4 81. Kd4 e3 82. Bxe3 1/2-1/2

[Event "Late-Titled-Tuesday-Blitz-March-12-2024"]
[Site "Chess.com"]
[Date "2024.03.12"]
[Round "5"]
[White "N_Mullodzhanov"]
[Black "Alexei_Gubajdullin"]
[Result "1/2-1/2"]
[WhiteElo "2521"]
[BlackElo "2638"]
[TimeControl "180+1"]
[EndTime "14:55:58 PDT"]
[Termination "Game drawn - insufficient material"]

1. e4 g6 2. d4 Bg7 3. Nc3 d6 4. Be3 a6 5. Qd2 Nd7 6. O-O-O b5 7. Bd3 Bb7 8. Nf3 Ngf6 9. d5 Ng4 10. Bd4 Bh6 11.
Ng5 f6 12. f4 c5 13. dxc6 Bxc6 14. Ne6 Qb8 15. h3 Nge5 16. Be2 Nc5 17. Bxc5 dxc5 18.
g4 b4 19. Nd5 Kf7 20. Ndc7 Bxe4 21. Rhf1 Ra7 22. g5 Rxc7 23. Nxc7 Qxc7 24. gxh6 Nc6 25. Bc4+ Ke8 26. Rde1 f5 27. Bd5 Nd4 28. Bxe4 fxe4 29. Rxe4 Rf8 30. Rfe1 Rf7 31. Qe3 Nf5 32. Qb3 Nxh6 33.
Qa4+ Kf8 34. Qxa6 Nf5 35. b3 Rf6 36. Re6 Qxf4+ 37. Kb2 Qd4+ 38. Kb1 Rxe6 39. Qc8+ Kg7 40. Qxe6 h5 41. Qe5+ Kf7 42. Qxd4 cxd4 43. Re5 Kf6 44. Rb5 g5 45. Rxb4 g4 46. hxg4 hxg4 47. Rb8 g3 48. Rg8 Ng7 49. Rf8+ Kg5 50. Rf1 Ne6 51. a4 Nc5 52. a5 e5 53. b4 Na4 54. b5 Nc3+ 55. Kb2 Nxb5 56. Re1 Kf4 57. Kb3 e4 58. Kc4 Na7 59.
Kxd4 Kf3 60. Rxe4 Nc6+ 61. Kd5 Nxa5 62. Re8 g2 63. Rf8+ Ke2 64. Rg8 Kf2 65. Rf8+ Ke2 66. Re8+ Kf2 67. Rg8 g1=Q 68. Rxg1 Kxg1 69. Kc5 Kf2 70. Kb5 Nb7 71. Kc6 Na5+ 72. Kb5 Nb7 73. c3 Ke3 74. Kc4 Nd6+ 75. Kb4 Kd3 76. Kb3 Nc4 77.
Kb4 Nd2 78. Kc5 Kxc3 1/2-1/2